 Dungeon Crawl Stone Soup version 0.32-a0-893-gf85d74f360 (webtiles) character file.

Game seed: 4893800986457500382

48 PriceMaster the Gusty (level 3, -2/19 HPs)
             Began as a Tengu Air Elementalist on Apr 3, 2024.
             Killed from afar by Sigmund (6 damage)
             ... with a puff of flame
             ... on level 2 of the Dungeon.
             The game lasted 00:02:37 (1630 turns).

PriceMaster the Gusty (Tengu Air Elementalist)      Turns: 1630, Time: 00:02:38

Health: -2/19      AC:  5    Str:  5 (8)  XL:     3   Next: 72%
Magic:  1/7        EV: 11    Int: 16 (17) God:
Gold:   63         SH:  0    Dex: 12 (14) Spells: 6/7 levels left

rFire   . . .        j - +0 dagger
rCold   . . .        (no shield)
rNeg    . . .        a - +0 robe
rPois   .            (helmet restricted)
rElec   .            b - +2 cloak
rCorr   +            (no gloves)
SInv    .            (boots unavailable)
Will    +....        (no amulet)
Stlth   ++           h - ring of resist corrosion
HPRegen 0.23/turn    (no ring)
MPRegen 0.10/turn

%: acrobat, clarity
@: enlightened, flying
A: beak, talons 3, acrobatic, clarity, deterioration 1, MP-powered wands
a: no special abilities


You were on level 2 of the Dungeon.
You visited 1 branch of the dungeon, and saw 2 of its levels.

You collected 63 gold pieces.

Inventory:

Hand Weapons
 j - a +0 dagger (weapon)
Armour
 a - a +0 robe (worn)
 b - a +2 cloak (worn)
Jewellery
 h - a ring of resist corrosion (left hand)
Scrolls
 d - a scroll of identify {unknown}
 e - a scroll of enchant weapon {unknown}
 f - 2 scrolls of teleportation {unknown}
 g - a scroll of fear {unknown}
 n - a scroll of fog {unknown}
 o - a scroll of poison {unknown}


   Skills:
 + Level 0.2 Fighting
 + Level 0.1 Short Blades
 + Level 2.5 Dodging
 + Level 2.2 Stealth
 + Level 2.6 Spellcasting
 + Level 1.6 Conjurations
 + Level 4.8 Air Magic


You had 6 spell levels left.
You knew the following spells:

 Your Spells              Type           Power      Damage    Failure   Level
a - Shock                 Conj/Air       48%        1d6       5%          1

Your spell library contained the following spells:

 Spells                   Type           Power      Damage    Failure   Level
 Static Discharge         Conj/Air       24%        3-4/arc   8%          2
 Swiftness                Air            17%        N/A       9%          3
 Magic Dart               Conj           28%        1d4       10%         1
 Airstrike                Air            8%         2d(2-18)  26%         4
 Blink                    Tloc           4%         N/A       30%         2
 Call Imp                 Summ           4%         N/A       30%         2


Dungeon Overview and Level Annotations

Branches:
Dungeon (2/15)

Altars:

Annotations:
D:2 Sigmund


Innate Abilities, Weirdness & Mutations

You have a beak for a mouth.
You have claws for feet.
You can magically evade attacks while moving or waiting.
You possess an exceptional clarity of mind.
Your body sometimes deteriorates upon taking damage.
You expend magic power (3 MP) to strengthen your wands.


Message History

Sigmund is heavily wounded.
Your magical contamination has completely faded away.
The zap hits Sigmund.
Sigmund is severely wounded.
Sigmund points at you and mumbles some strange words.
The magic dart hits you!
The zap hits Sigmund.
Sigmund is severely wounded.
The zap hits Sigmund.
Sigmund is almost dead.
Sigmund gestures at you while chanting.
You are confused.
You're too confused to cast spells.
You're too confused to cast spells.
You're too confused to cast spells.
Unknown command.
You are too confused!
It was a potion of enlightenment.
You feel very buoyant.
You fly up into the air.
It was a potion of degeneration.
There was something very wrong with that liquid.
You feel weakened.
You feel dopey.
You feel clumsy. Sigmund misses you.
It was a potion of mutation.
You feel extremely strange.
Your thoughts seem clearer.
You feel yourself wasting away.
You feel your magical essence link to the dungeon's wands.
Sigmund smiles chillingly.
You bump into the rock wall.
Sigmund gestures at you while chanting. The puff of flame hits you!
Ouch! That really hurt!
* * * LOW HITPOINT WARNING * * *
You bump into the rock wall.
Sigmund barely misses you.
You're too confused to move!
You feel less confused. Sigmund gestures at you while chanting.
The puff of flame hits you.
You die...
Sigmund begins carving another notch in his scythe.

...#.##### .#
#.#..# ### #.....#
.# .#..# #####.#
#.#.#..# #.#
#..#...## #..
.#..... ### )....#
#<#..# ##.#@.#####
. ##.........#
...####..@...###.#
............## #.#
.............# #.#
......##...#.# #.#
..... #(###.# #.#
.... #.# #.# #.#
... #.###.###.#
#..


You could see Sigmund.

Vanquished Creatures
  An adder (D:2)
  An adder skeleton (D:2)
  A bat skeleton (D:2)
  5 endoplasms
  3 hobgoblins
  7 kobolds
  A quokka (D:1)
  3 ball pythons
  A ball python zombie (D:2)
  6 bats
  2 frilled lizards
  A goblin (D:2)
  A rat (D:2)
33 creatures vanquished.

Notes
Turn   | Place    | Note
-------+----------+-------------------------------------------
     0 | D:1      | PriceMaster the Tengu Air Elementalist began the quest for
                  | the Orb.
     0 | D:1      | Reached XP level 1. HP: 10/10 MP: 4/4
   367 | D:1      | Reached XP level 2. HP: 15/15 MP: 3/6
  1249 | D:2      | Reached XP level 3. HP: 13/19 MP: 1/7
  1613 | D:2      | Noticed Sigmund
  1626 | D:2      | Gained mutation: You possess an exceptional clarity of
                  | mind. [potion of mutation]
  1626 | D:2      | Gained mutation: Your body sometimes deteriorates upon
                  | taking damage. [potion of mutation]
  1626 | D:2      | Gained mutation: You expend magic power (3 MP) to
                  | strengthen your wands. [potion of mutation]
  1630 | D:2      | Killed from afar by Sigmund

Illustrated notes

Levels and vault maps discovered:
D:1:      beargit_arrival_greenhouse, layout_basic
D:2:      layout_loops_ring, serial_undead, serial_undead_a, serial_undead_d,
          serial_undead_c, serial_undead_b, uniq_jessica, uniq_sigmund

Action                     || total
---------------------------++-------
  Melee: Unarmed           ||     4
         Kick              ||    10
         Peck              ||     4
         Dagger            ||    25
   Cast: Shock             ||    67
    Use: Potion            ||     7
   Stab: Sleeping          ||     1
 Armour: Robe              ||    39
  Dodge: Dodged            ||    47

Table legend: (Time is in decaauts)
 A = Elapsed time spent in this place.
 B = Non-inter-level travel time spent in this place.
 C = Inter-level travel time spent in this place.
 D = Time resting spent in this place.
 E = Time spent auto-exploring this place.
 F = Levels seen in this place.
 G = Mean time per level.
                   A        B        C        D        E       F      G
               +--------+--------+--------+--------+--------+-----+--------+
         Total |   1628 |   1598 |     30 |     17 |   1349 |   2 |  814.0 |
       Dungeon |   1628 |   1598 |     30 |     17 |   1349 |   2 |  814.0 |
               +--------+--------+--------+--------+--------+-----+--------+

Top non-repeatable levels by time:
     D:1: 945 daAuts
     D:2: 683 daAuts
